 Dungeon Crawl Stone Soup version 0.20.1-1-g8b1a95d (webtiles) character file.

3011 Gargoyl the Cleaver (level 9, -3/79 HPs)
             Began as a Minotaur Abyssal Knight on Oct 18, 2017.
             Was an Elder of Lugonu.
             Slain by a two-headed ogre
             ... wielding a +0 giant club
              (16 damage)
             ... on level 9 of the Dungeon.
             The game lasted 00:13:27 (7597 turns).

Gargoyl the Cleaver (Minotaur Abyssal Knight)       Turns: 7597, Time: 00:13:29

Health: -3/79      AC: 28    Str: 16    XL:     9   Next: 55%
Magic:  12/12      EV:  3    Int:  9    God:    Lugonu [****..]
Gold:   609        SH:  7    Dex: 12    Spells: 8/8 levels left

rFire    . . .     SeeInvis .   y - +2 hand axe (chop)
rCold    . . .     Gourm    .   a - +0 shield
rNeg     . . .     Faith    .   d - +2 plate armour {MR+}
rPois    +         Spirit   .   C - +2 hat {MR+}
rElec    .         Reflect  .   b - +2 cloak
rCorr    .         Harm     .   F - +0 pair of gloves
MR       ++...                  D - +2 pair of boots
Stlth    ..........             B - amulet of regeneration
Regen    0.7/turn               r - ring of poison resistance
MPRegen  0.2/turn               H - +2 ring of protection

@: no status effects
A: retaliatory headbutt, horns 2, mutation resistance 1, weak 1, MP-powered
wands
a: Depart the Abyss, Bend Space, Banish, Corrupt, Renounce Religion


You were on level 9 of the Dungeon.
You worshipped Lugonu.
Lugonu was greatly pleased with you.
You were not hungry.

You visited 1 branch of the dungeon, and saw 9 of its levels.
You visited the Abyss 1 time.

You collected 609 gold pieces.

Inventory:

Hand Weapons
 q - a +1 war axe
 y - a +2 hand axe of chopping (weapon)
Missiles
 G - 2 javelins (quivered)
Armour
 a - a +0 shield (worn)
 b - a +2 cloak (worn)
 d - a +2 plate armour of magic resistance (worn)
 C - a +2 hat of magic resistance (worn)
 D - a +2 pair of boots (worn)
 F - a +0 pair of gloves (worn)
Jewellery
 r - a ring of poison resistance (left hand)
 B - an amulet of regeneration (around neck)
 H - a +2 ring of protection (right hand)
Wands
 m - a wand of digging (4/24)
 v - a wand of lightning (15/15)
 I - a wand of iceblast (5/15)
 M - a wand of acid (6/15)
Scrolls
 g - 4 scrolls of amnesia
 h - a scroll of identify
 k - a scroll of teleportation
 l - a scroll of magic mapping
 n - 3 scrolls of remove curse
 x - 2 scrolls of recharging
 K - a scroll of blinking
Potions
 e - 2 potions of agility
 i - 2 potions of brilliance
 o - a potion of invisibility {unknown}
 p - a potion of magic
 s - 2 potions of curing
 t - a potion of haste {unknown}
 u - a potion of ambrosia {unknown}
 E - a potion of lignification {unknown}
 J - a potion of degeneration {unknown}
 N - a potion of might {unknown}
Books
 f - a book of the Sky

   Spells                             Type                      Level
   a - Summon Lightning Spire         Summoning/Air                4
   b - Silence                        Hexes/Air                    5
   c - Deflect Missiles               Charms/Air                   6
   d - Conjure Ball Lightning         Conjuration/Air              6
   e - Tornado                        Air                          9
 w - a book of Minor Magic

   Spells                             Type                      Level
   a - Magic Dart                     Conjuration                  1
   b - Blink                          Translocation                2
   c - Call Imp                       Summoning                    2
   d - Slow                           Hexes                        2
   e - Conjure Flame                  Conjuration/Fire             3
   f - Mephitic Cloud                 Conjuration/Poison/Air       3
 A - a book of Conjurations

   Spells                             Type                      Level
   a - Magic Dart                     Conjuration                  1
   b - Searing Ray                    Conjuration                  2
   c - Dazzling Spray                 Conjuration/Hexes            3
   d - Fulminant Prism                Conjuration/Hexes            4
   e - Force Lance                    Conjuration/Translocation    4
   f - Iskenderun's Mystic Blast      Conjuration                  4
Comestibles
 c - 4 bread rations
 j - 4 fruits
 z - 5 meat rations
 L - a royal jelly


   Skills:
 + Level 7.4 Fighting
 + Level 9.4 Axes
 + Level 0.6 Throwing
 * Level 9.3 Armour
 + Level 2.0 Dodging
 + Level 1.0 Shields
 * Level 5.6 Invocations


You had 8 spell levels left.
You didn't know any spells.

Dungeon Overview and Level Annotations

Branches:
Dungeon (9/15)             Temple (0/1) D:7
   Lair: D:8-11         Orc: D:9-12

Altars:
Dithmenos
Xom

Shops:
D:5 }[


Innate Abilities, Weirdness & Mutations

You reflexively headbutt those who attack you in melee.
You have a pair of horns on your head.
You are somewhat resistant to further mutation.
You are weak. (Str -2)
You expend magic power (3 MP) to strengthen your wands.


Message History

The black bear growls angrily.
The two-headed ogre shouts in stereo!
You slash the two-headed ogre!
The two-headed ogre is moderately wounded.
The two-headed ogre hits you but does no damage.
You block the two-headed ogre's attack.
You hit the two-headed ogre but do no damage.
Your headbutt misses the two-headed ogre.
The two-headed ogre is moderately wounded.
You hit the two-headed ogre but do no damage.
The two-headed ogre is moderately wounded.
The two-headed ogre hits you with a giant club! x2
* * * LOW HITPOINT WARNING * * *
You barely miss the two-headed ogre.
The two-headed ogre is moderately wounded.
You hit the black bear but do no damage.
The black bear bites you but does no damage.
You block the black bear's attack.
The black bear claws you but does no damage.
The two-headed ogre hits you with a giant club!
You die...

#..## ####+######
##..# #.........#
##.#
+.<.......########'#
#.........'...##....
#......<..###.##...<
#.........# #.##....
#..O......# #..'....
#..@......# ####....
#..h......# ##+##
##'######## .. .##
#' . #.


You could see a two-headed ogre and a black bear.

Vanquished Creatures
  A hungry ghost (D:8)
  3 ice beasts
  A sky beast (D:8)
  2 orc warriors
  5 ogres
  A centaur (D:5)
  A bullfrog (D:6)
  A wyvern zombie (D:8)
  A scorpion (D:8)
  3 howler monkeys
  2 crimson imps
  A bullfrog zombie (D:5)
  2 jellies
  3 hounds (D:5)
  3 orc priests
  A centaur skeleton (D:5)
  Crazy Yiuf (D:2)
  4 iguanas
  8 orc wizards
  4 worker ants
  A hound skeleton (D:9)
  A howler monkey zombie (D:5)
  A gnoll (D:3)
  11 adders
  2 shadow imps
  An ooze (D:3)
  2 adder zombies
  3 worms
  3 dart slugs
  A leopard gecko (D:1)
  39 orcs
  7 bats
  7 giant cockroaches
  11 goblins
  7 hobgoblins
  13 jackals
  8 kobolds
  4 quokkas
  A ball python (D:3)
  5 frilled lizards
  13 rats
  A fungus (D:2)
190 creatures vanquished.

Vanquished Creatures (others)
  An unseen horror (D:9)
1 creature vanquished.

Grand Total: 191 creatures vanquished

Notes
Turn   | Place    | Note
-------+----------+-------------------------------------------
     0 | Abyss:1  | Gargoyl the Minotaur Abyssal Knight began the quest for the Orb.
     0 | Abyss:1  | Reached XP level 1. HP: 19/19 MP: 1/1
    54 | Abyss:1  | Found a corrupted altar of Lugonu.
    70 | Abyss:1  | Noticed a large abomination
    92 | Abyss:2  | Noticed an orange demon
    94 | Abyss:2  | Noticed a small abomination
   154 | Abyss:3  | Noticed a large abomination
   154 | D:1      | Escaped the Abyss
   240 | D:1      | Reached * piety under Lugonu
   366 | D:1      | Reached XP level 2. HP: 27/27 MP: 2/2
  1140 | D:2      | Reached XP level 3. HP: 33/33 MP: 3/3
  1201 | D:2      | Reached ** piety under Lugonu
  1407 | D:2      | Reached XP level 4. HP: 38/41 MP: 4/4
  1969 | D:2      | Found a runed door.
  1973 | D:2      | Noticed Crazy Yiuf
  1990 | D:2      | Killed Crazy Yiuf
  1990 | D:2      | Reached XP level 5. HP: 24/47 MP: 5/5
  2706 | D:3      | Reached skill level 5 in Fighting
  2777 | D:3      | Reached *** piety under Lugonu
  3489 | D:4      | Reached XP level 6. HP: 56/56 MP: 7/7
  3574 | D:4      | Reached skill level 5 in Axes
  4241 | D:5      | Entered Level 5 of the Dungeon
  4259 | D:5      | Reached skill level 5 in Armour
  4429 | D:5      | Found a shadowy altar of Dithmenos.
  4473 | D:5      | Found Safasoym's Gadget Emporium.
  4499 | D:5      | Found Ziria's Antique Armour Boutique.
  4520 | D:5      | Reached XP level 7. HP: 57/61 MP: 8/8
  4838 | D:5      | Gained mutation: Scrolls take you a little longer to read. [potion of mutation]
  4838 | D:5      | Gained mutation: Your flesh is heat resistant. (rF+) [potion of mutation]
  4838 | D:5      | Gained mutation: You are clumsy. (Dex -2) [potion of mutation]
  4838 | D:5      | Gained mutation: You have large cloven feet. [potion of mutation]
  4839 | D:5      | Lost mutation: Your flesh is heat resistant. (rF+) [potion of mutation]
  4839 | D:5      | Lost mutation: Scrolls take you a little longer to read. [potion of mutation]
  4839 | D:5      | Lost mutation: You have large cloven feet. [potion of mutation]
  4839 | D:5      | Lost mutation: You are clumsy. (Dex -2) [potion of mutation]
  4839 | D:5      | Gained mutation: You expend magic power (3 MP) to strengthen your wands. [potion of mutation]
  4839 | D:5      | Gained mutation: You are weak. (Str -2) [potion of mutation]
  4839 | D:5      | Gained mutation: You are somewhat resistant to further mutation. [potion of mutation]
  4873 | D:5      | Reached **** piety under Lugonu
  5247 | D:6      | Reached XP level 8. HP: 70/70 MP: 8/10
  6032 | D:7      | Found a shimmering altar of Xom.
  6204 | D:7      | Reached XP level 9. HP: 48/79 MP: 11/11
  6408 | D:7      | Found a staircase to the Ecumenical Temple.
  6588 | D:8      | Identified a scroll of acquirement
  6932 | D:8      | Reached skill level 5 in Invocations
  7513 | D:9      | Reached ***** piety under Lugonu
  7513 | D:9      | Banished an unseen horror
  7513 | D:9      | Reached skill level 1 in Shields
  7592 | D:9      | Noticed a two-headed ogre
  7597 | D:9      | Slain by a two-headed ogre

Skill      XL: |  1  2  3  4  5  6  7  8  9 |
---------------+----------------------------+-----
Axes           | 3 4 5 6 8 9 |  9.4
Fighting       | 4 5 6 7 |  7.4
Invocations    | 2 3 4 5 |  5.6
Armour         | 3 4 5 6 8 9 |  9.3
Dodging        | 2 |  2.0
Shields        | 1 |  1.0
Throwing       | |  0.6

Action                   |  1- 3 |  4- 6 |  7- 9 || total
-------------------------+-------+-------+-------++-------
Melee: Hand axe          |    85 |   161 |   321 ||   567
       Headbutt          |    11 |    39 |    57 ||   107
       War axe           |       |    79 |       ||    79
Throw: Javelin           |       |       |     2 ||     2
       Tomahawk          |       |       |     1 ||     1
Invok: Depart the Abyss  |     1 |       |       ||     1
       Banish            |       |       |     1 ||     1
  Use: Scroll            |     5 |     6 |    11 ||    22
       Potion            |       |       |     3 ||     3
  Eat: Chunk             |     2 |    10 |     9 ||    21
       Bread ration      |       |       |     1 ||     1
Armor: Plate armour      |   113 |   191 |   250 ||   554
Dodge: Dodged            |    39 |    55 |    64 ||   158
Block: Shield            |       |       |    29 ||    29
